Construct Weapon Support Center
Selects Advanced Infantry Battlegroup
Selects Convert to Ranger Squad
Selects Designate Assault Position
M3 Armored Personnel Carrier
Selects Ranger Weapon Training
M4(105) Sherman Bulldozer
Selects Ranger Weapon Training
M18 Hellcat Tank Destroyer
M18 Hellcat Tank Destroyer
Selects Artillery Observers
Selects M2A1 105mm Howitzer Emplacement
M4(105) Sherman Bulldozer
M18 Hellcat Tank Destroyer